 Dungeon Crawl Stone Soup version 0.32-a0-42-ga30500b4d3 (webtiles) character file.

Game seed: 16542619180119301091

1050 pop the Trooper (level 8, -6/68 HPs)
             Began as a Hill Orc Cinder Acolyte on Jan 29, 2024.
             Was an Initiate of Ignis.
             Mangled by Maggie
             ... wielding a +0 halberd
              (7 damage)
             ... on level 6 of the Dungeon on Jan 31, 2024.
             The game lasted 00:31:49 (5082 turns).

pop the Trooper (Hill Orc Cinder Acolyte)           Turns: 5082, Time: 00:31:49

Health: -6/68      AC: 18    Str: 17    XL:     8   Next: 26%
Magic:  11/11      EV:  7    Int: 20    God:    Ignis [......]
Gold:   235        SH:  0    Dex:  8    Spells: 12/12 levels left

rFire   + . .        y - +2 quarterstaff (chaos)
rCold   . . .        (shield currently unavailable)
rNeg    . . .        v - +0 chain mail
rPois   .            (no helmet)
rElec   .            C - +1 cloak
rCorr   .            c - +0 pair of gloves
SInv    .            p - +0 pair of boots
Will    .....        (no amulet) Stlth
                     h - +6 ring of intelligence
HPRegen 0.31/turn    m - +4 ring of protection
MPRegen 0.12/turn

%: no passive effects
@: confused, about to teleport
A: no striking features
a: Renounce Religion, Convert to Beogh, Rising Flame


You were on level 6 of the Dungeon.
You worshipped Ignis.
Ignis was noncommittal.
You visited 1 branch of the dungeon, and saw 6 of its levels.
You also visited: Sewer.

You collected 235 gold pieces.

Inventory:

Hand Weapons
 a - a -1 hand axe of flaming
 e - a +4 vampiric short sword
 f - a +2 short sword of electrocution
 q - a +0 hammer
 y - a +2 quarterstaff of chaos (weapon)
Missiles
 d - 25 stones (quivered)
 w - 3 throwing nets
Armour
 b - a +0 robe
 c - a +0 pair of gloves (worn)
 p - a +0 pair of boots (worn)
 t - a +0 scale mail
 v - a +0 chain mail (worn)
 x - a +0 buckler
 C - a +1 cloak (worn)
Magical Staves
 n - a staff of fire
Jewellery
 h - a +6 ring of intelligence (left hand)
 m - a +4 ring of protection (right hand)
 F - a ring of poison resistance
Talismans
 o - a beast talisman
Wands
 E - a wand of flame (19)
Scrolls
 g - 2 scrolls of fog
 j - a scroll of blinking
 l - 2 scrolls of revelation
 s - 2 scrolls of poison
 G - a scroll of identify
Potions
 i - 2 potions of cancellation
 r - 4 potions of degeneration
 u - 2 potions of magic {unknown}
 z - a potion of berserk rage {unknown}
 A - a potion of curing {unknown}
 B - a potion of lignification
 D - a potion of mutation {unknown}


   Skills:
 + Level 5.3 Fighting
 + Level 3.9 Short Blades
 + Level 4.7 Axes
 + Level 2.8 Staves
 + Level 0.4 Throwing
 + Level 4.1 Armour
 + Level 1.3 Dodging
 * Level 2.2 Stealth
 + Level 0.5 Shields
 - Level 2.5 Spellcasting
 + Level 3.7 Fire Magic


You had 12 spell levels left.
You didn't know any spells.
Your spell library contained the following spells:

 Spells                   Type           Power      Damage    Failure   Level
 Scorch                   Fire           34%        2d6       43%         2
 Slow                     Hex            8%         N/A       83%         1
 Summon Small Mammal      Summ           8%         N/A       83%         1
 Volatile Blastmotes      Fire/Tloc      18%        2d11      91%         3
 Call Canine Familiar     Summ           2%         N/A       99%         3
 Confusing Touch          Hex            2%         N/A       99%         3
 Sigil of Binding         Hex            2%         N/A       99%         3
 Vampiric Draining        Necr           2%         2d6       99%         3
 Fulminant Prism          Conj/Alch      1%         3d5       100%        4
 Iskenderun's Mystic Bla  Conj/Tloc      2%         2d3       100%        4
 Summon Blazeheart Golem  Fire/Summ      9%         N/A       100%        4


Dungeon Overview and Level Annotations

Branches:
Dungeon (6/15)             Temple (0/1) D:6           Sewer (visited)

Altars:
Okawaru
Xom

Annotations:
D:6 Maggie


Message History

You completely miss the sleepcap.
The foxfire hits the sleepcap.
The sleepcap is lightly damaged.
The foxfire hits the adder.
The adder is heavily wounded.
The foxfire hits something.
The foxfire hits the sleepcap.
The sleepcap is lightly damaged.
The foxfire hits the sleepcap but does no damage.
The sleepcap is lightly damaged.
The foxfire hits the adder.
The adder is severely wounded.
The foxfire hits something.
The sleepcap releases spores at you.
You thump the sleepcap! You burn the sleepcap.
The sleepcap is heavily damaged.
The adder bites you but does no damage. Maggie closely misses you.
The sleepcap releases spores at you.
You are engulfed in a cloud of soporific spores!
You fall asleep.
Something hits you but does no damage. The adder bites you but does no damage.
Maggie hits you from afar with a +0 halberd!!
You wake up.
* * * LOW HITPOINT WARNING * * *
Something hits you but does no damage. The sleepcap releases spores at you.
* * * LOW HITPOINT WARNING * * *
You are engulfed in a cloud of soporific spores!
You are unaffected.
The adder barely misses you.
As you read the scroll of teleportation, it crumbles to dust.
You feel strangely unstable.
Maggie says, "Leave now, and tell all of Margery's mercy!"
Maggie barely misses you.
You hear some strange, mumbled words.
You are confused.
The sleepcap barely misses you. The adder bites you.
* * * LOW HITPOINT WARNING * * *
The orc priest shouts!
You hit the sleepcap. You freeze the sleepcap.
The sleepcap is severely damaged.
The adder bites you but does no damage.
Maggie hits you from afar with a +0 halberd!
You die...

..#.# ##. #.#. #..
.... # #.#. ... .#
#. ##.. .. #. #
..#.#... #. ..##.
###.#...### #.
#.....###@..##....#
##. #.f@{{...#..#!#
##..
#....##So>..##...#
#... #..#
.#......oo#)# #...
...
...##...###..)###...
# #.#..
#.###..o.o......
##..
#.#......#######
.... ....###### #..
.#.##


You could see Maggie, a sleepcap, an orc priest, an adder and an orc.

Vanquished Creatures
  Grinder (D:4)
  An ice beast (D:5)
  An ogre (D:4)
  A centaur (D:6)
  A bombardier beetle (D:6)
  3 jellies (Sewer)
  A gnoll bouda (D:5)
  3 orc priests (D:4)
  Crazy Yiuf (D:3)
  A sleepcap (D:4)
  An orc wizard (D:6)
  10 gnolls
  2 river rats (D:3)
  8 adders
  3 shadow imps
  2 ribbon worms (D:3)
  2 dart slugs (D:3)
  4 orcs
  3 bats
  5 endoplasms
  4 giant cockroaches
  5 goblins
  2 hobgoblins
  6 kobolds
  6 ball pythons
  5 frilled lizards
  13 rats
95 creatures vanquished.

Vanquished Creatures (collateral kills)
  4 foxfires (D:4)
4 creatures vanquished.

Vanquished Creatures (others)
  A hobgoblin (D:3)
  78 foxfires
79 creatures vanquished.

Grand Total: 178 creatures vanquished

Notes
Turn   | Place    | Note
-------+----------+-------------------------------------------
     0 | D:1      | pop the Hill Orc Cinder Acolyte began the quest for the
                  | Orb.
     0 | D:1      | Reached XP level 1. HP: 19/19 MP: 2/2
   661 | D:2      | Reached XP level 2. HP: 27/27 MP: 3/3
  1038 | D:2      | Reached skill level 4 in Fighting
  1038 | D:2      | Reached XP level 3. HP: 26/33 MP: 4/4
  1280 | D:3      | Reached skill level 1 in Short Blades
  1283 | D:3      | Reached XP level 4. HP: 13/40 MP: 5/5
  1290 | D:3      | Found an iron altar of Okawaru.
  1584 | D:3      | Reached XP level 5. HP: 45/47 MP: 6/6
  1631 | D:3      | Found a glowing drain.
  1640 | Sewer    | Entered a sewer
  1685 | Sewer    | Reached skill level 1 in Armour
  1786 | Sewer    | Found a viscous altar of Jiyva.
  1804 | Sewer    | Reached skill level 1 in Dodging
  1975 | Sewer    | Reached XP level 6. HP: 24/55 MP: 7/7
  2826 | D:3      | Found a runed translucent door.
  2827 | D:3      | Noticed Crazy Yiuf
  2842 | D:3      | Killed Crazy Yiuf
  3069 | D:4      | Reached skill level 1 in Staves
  3316 | D:4      | Reached skill level 5 in Fighting
  3461 | D:4      | Noticed Grinder
  3470 | D:4      | Killed Grinder
  3471 | D:4      | Reached skill level 1 in Stealth
  3471 | D:4      | Reached XP level 7. HP: 50/61 MP: 9/9
  3638 | D:4      | Found a transporter.
  3647 | D:4      | Found a transporter.
  4126 | D:5      | Entered Level 5 of the Dungeon
  4161 | D:5      | Found a shimmering altar of Xom.
  4264 | D:5      | Reached XP level 8. HP: 68/68 MP: 11/11
  5054 | D:6      | Found a staircase to the Ecumenical Temple.
  5073 | D:6      | Noticed Maggie
  5080 | D:6      | HP: 3/68 [sleepcap (1)]
  5081 | D:6      | HP: 1/68 [adder (2)]
  5082 | D:6      | Mangled by Maggie

Illustrated notes

Levels and vault maps discovered:
D:1:      mainiacjoe_arrival_oval_in_oval, layout_basic, basic_ecumenical_altar
D:2:      minmay_spotlight, layout_basic
D:3:      layout_loops_corners, okawaru_gym_becter, lightli_sewer_entry_pipes,
          uniq_crazy_yiuf_cottage
D:4:      gammafunk_wand_slinger, layout_basic, hex_medium, grunt_ministairs_14,
          uniq_grinder
D:5:      layout_basic, mainiacjoe_overflow_six_doors_small
D:6:      hangedman_cross_stitches, layout_loops_ring,
          nicolae_gozag_seed_capital, minmay_temple_entry_slanted, uniq_duvessa,
          uniq_maggie

Skill      XL: |  1  2  3  4  5  6  7  8 |
---------------+-------------------------+-----
Fighting       | 4 5 |  5.3
Short Blades   | 1 2 3 |  3.9
Armour         | 1 2 3 4 |  4.1
Dodging        | 1 |  1.3
Staves         | 1 2 |  2.8
Stealth        | 1 2 |  2.2
Spellcasting   | 2 |  2.5
Axes           | |  4.7
Throwing       | |  0.4
Shields        | |  0.5
Fire Magic     | |  3.7

Action                     |  1- 3 |  4- 6 |  7- 9 || total
---------------------------+-------+-------+-------++-------
  Melee: Hand axe          |    14 |       |       ||    14
         Short sword       |    68 |   170 |       ||   238
         Staff             |     6 |       |       ||     6
         Punch             |     2 |     1 |       ||     3
         Quarterstaff      |       |    38 |    49 ||    87
  Throw: Stone             |     6 |       |     2 ||     8
 Invoke: Fiery Armour      |     1 |     1 |     2 ||     4
         Foxfire Swarm     |       |     1 |     5 ||     6
    Use: Potion            |     4 |       |       ||     4
         Scroll            |     5 |     3 |     4 ||    12
 Armour: Robe              |    16 |       |       ||    16
         Skin              |    15 |       |       ||    15
         Ring mail         |    54 |   113 |       ||   167
         Chain mail        |       |    57 |   104 ||   161
  Dodge: Dodged            |    61 |   119 |    22 ||   202
  Block: Buckler           |       |     4 |       ||     4
         Form:             |       |       |     1 ||     1
         Beast             |       |       |     1 ||     1

Table legend: (Time is in decaauts)
 A = Elapsed time spent in this place.
 B = Non-inter-level travel time spent in this place.
 C = Inter-level travel time spent in this place.
 D = Time resting spent in this place.
 E = Time spent auto-exploring this place.
 F = Levels seen in this place.
 G = Mean time per level.
                   A        B        C        D        E       F      G
               +--------+--------+--------+--------+--------+-----+--------+
         Total |   5160 |   5160 |      0 |      0 |   1379 |   7 |  737.1 |
       Dungeon |   4735 |   4735 |      0 |      0 |   1292 |   6 |  789.2 |
         Sewer |    425 |    425 |      0 |      0 |     87 |   1 |  425.0 |
               +--------+--------+--------+--------+--------+-----+--------+

Top non-repeatable levels by time:
     D:3: 1574 daAuts
     D:4: 1142 daAuts
     D:5: 778 daAuts
     D:1: 617 daAuts
     D:2: 436 daAuts
   Sewer: 425 daAuts
     D:6: 185 daAuts
